 Dungeon Crawl Stone Soup version 0.28.0-43-g3370ac3207 (webtiles) character file.

Game seed: 5602291858926602161

118 weregamer the Ducker (level 4, -4/19 HPs)
             Began as a Felid Transmuter on Mar 30, 2022.
             Was an Initiate of Dithmenos.
             Slain by Terence
             ... wielding a +0 flail
              (9 damage)
             ... on level 3 of the Dungeon.
             The game lasted 00:20:42 (3960 turns).

weregamer the Ducker (Felid Transmuter)             Turns: 3960, Time: 00:20:43

Health: -4/19      AC:  1    Str:  6    XL:     4   Next: 72%
Magic:  7/8        EV: 19    Int: 15    God:    Dithmenos [......]
Gold:   143        SH:  0    Dex: 18    Spells: 1/7 levels left
                                        Lives:  0   Deaths: 1

rFire   + . .      SeeInvis +     - Unarmed
rCold   . . .      Faith    .   (shield unavailable)
rNeg    . . .      Spirit   .   (armour unavailable)
rPois   +          Reflect  .   (helmet unavailable)
rElec   .          Harm     .   (cloak unavailable)
rCorr   .          Rampage  .   (gloves unavailable)
Will    .....                   (boots unavailable)
Stlth   ++........              (no amulet)
HPRegen 0.06/turn               a - ring of poison resistance
MPRegen 0.11/turn               f - ring of protection from fire

@: appendages (expiring), quick
A: horns 2, very small, claws 1, fangs 3, see invisible, speed 1, shaggy fur 1,
stealthy paws, no weapons or thrown items, no armour, multi-lived
a: End Transformation, Renounce Religion


You were on level 3 of the Dungeon.
You worshipped Dithmenos.
Dithmenos was noncommittal.
You had temporarily grown beastly horns.
You visited 1 branch of the dungeon, and saw 5 of its levels.

You collected 143 gold pieces.

Inventory:

Jewellery
 a - a ring of poison resistance (left paw)
 e - a ring of poison resistance
 f - a ring of protection from fire (right paw)
Scrolls
 h - a scroll of blinking
Potions
 b - a potion of curing {unknown}
 c - a potion of heal wounds {unknown}
 d - a potion of lignification {unknown}
 g - a potion of cancellation {unknown}


   Skills:
 * Level 2.2 Fighting
 * Level 4.1 Dodging
 * Level 2.6 Stealth
 + Level 3.9 Unarmed Combat
 - Level 2.0 Spellcasting
 * Level 4.0 Transmutations


You had one spell level left.
You knew the following spells:

 Your Spells              Type           Power      Damage    Failure   Level
a - Beastly Appendage     Tmut           26%        N/A       4%          1
b - Wereblood             Tmut           13%        N/A       6%          2
c - Spider Form           Tmut/Pois      7%         N/A       28%         3

Your spell library contained the following spells:

 Spells                   Type           Power      Damage    Failure   Level
 Ignite Poison            Fire/Tmut/Pois 5%         N/A       36%         3
 Conjure Flame            Conj/Fire      1%         6-21      54%         3
 Ozocubu's Armour         Ice            1%         N/A       54%         3
 Tukima's Dance           Hex            1%         N/A       54%         3
 Ice Form                 Ice/Tmut       7%         N/A       67%         4
 Passage of Golubria      Tloc           1%         N/A       91%         4
 Sticky Flame             Conj/Fire      1%         2d3       91%         4
 Yara's Violent Unravell  Hex/Tmut       3%         3d4       95%         5
 Metabolic Englaciation   Hex/Ice        0%         N/A       99%         5
 Simulacrum               Ice/Necr       0%         N/A       100%        6


Dungeon Overview and Level Annotations

Branches:
Dungeon (5/15)
 Temple: D:4-7

Altars:
Ashenzari
Dithmenos
Hepliaklqana
Nemelex Xobeh
Xom

Annotations:
D:3 Terence


Innate Abilities, Weirdness & Mutations

You have temporarily grown beastly horns.
You have sharp claws.
You have razor-sharp teeth.
You have supernaturally acute eyesight. (SInv)
You cover ground quickly. (Speed+)
You are covered in fur. (AC +1)
Your paws help you pounce on unaware monsters.
You are incapable of wielding weapons or throwing items.
You cannot wear armour.
You gain extra lives every three experience levels.


Message History

You scratch Terence. Your headbutt misses Terence.
Terence is lightly wounded.
Terence misses you.
You barely miss Terence. You bite Terence, but do no damage.
Terence is lightly wounded.
Terence hits you with a +0 flail!
* * * LOW HITPOINT WARNING * * *
Your transformation is almost over.
You howl as the wereblood boils in your veins!
Terence says, "You're history."
There is an open door here.
You howl as the wereblood boils in your veins!
Your horns disappear.
Terence says, "Rest in peace."
You howl as the wereblood boils in your veins!
Terence shouts, "Get ready for death!"
Your primal bloodlust is almost over.
Casting: Wereblood (safe; 7% risk of failure)
Confirm with . or Enter, or press ? or * to list all spells.
You grow a pair of large bovine horns.
The adder misses you.
You closely miss the adder. Your headbutt misses the adder.
Your transformation is almost over.
The iguana barely misses you. The adder misses you.
You scratch the adder.
The adder is heavily wounded.
Your primal bloodlust has ended.
The adder barely misses you. The iguana closely misses you.
The adder completely misses you.
You scratch the adder. You headbutt the adder.
You kill the adder!
Dithmenos accepts your kill. The iguana closely misses you.
Your Transmutations skill increases to level 4!
You scratch the iguana but do no damage.
You headbutt the iguana, but do no damage.
The iguana closely misses you.
You barely miss the iguana. The iguana misses you.
You closely miss the iguana. The iguana misses you.
Terence hits you with a +0 flail!
You die...

..'@.........#.###+###.# #..#
..######.....#..##.# #.# #..# ###
#...@.##.##.# #.# #..#
###.....##.##.###.# #..#
#.'...............# #..#
#.#.....##..#.#########..###
#.#.....###.#...............
#.#.....# #@#..............#
#.#.....# #@l..............#
#.#.....# ##...............#
#l#.....# #.>.............#
#.###########..............#
#.##....................<..#
#>##.......................#
#..........................#
#########.........###############
........'.........# ############


You could see Terence and an iguana.

Vanquished Creatures
  2 orc wizards (D:4)
  Robin (D:3)
  4 adders
  A shadow imp (D:5)
  A worm (D:4)
  4 orcs (D:4)
  8 ball pythons
  3 bats
  6 endoplasms
  15 goblins
  9 hobgoblins
  2 quokkas
  5 frilled lizards (D:1)
  4 kobolds
  6 rats
71 creatures vanquished.

Vanquished Creatures (collateral kills)
  A hound (D:5)
1 creature vanquished.

Grand Total: 72 creatures vanquished

Notes
Turn   | Place    | Note
-------+----------+-------------------------------------------
     0 | D:1      | weregamer the Felid Transmuter began the quest for the Orb.
     0 | D:1      | Reached XP level 1. HP: 9/9 MP: 4/4
   378 | D:1      | Reached XP level 2. HP: 12/12 MP: 4/6
   674 | D:1      | Reached skill level 1 in Stealth
   796 | D:1      | Found a faded altar of an unknown god.
   804 | D:1      | Prayed at the altar of an unknown god.
   804 | D:1      | Became a worshipper of Nemelex Xobeh the Trickster
   804 | D:1      | Reached * piety under Nemelex Xobeh
   845 | D:1      | Learned a level 2 spell: Wereblood
  1042 | D:2      | Found a shimmering altar of Xom.
  1163 | D:2      | Received a gift from Nemelex Xobeh
  1691 | D:2      | Reached XP level 3. HP: 15/15 MP: 4/7
  1702 | D:2      | Learned a level 3 spell: Spider Form
  2029 | D:3      | Noticed a scorpion
  2602 | D:3      | Reached ** piety under Nemelex Xobeh
  2653 | D:3      | Noticed Robin
  2669 | D:3      | Killed Robin
  2670 | D:3      | Reached XP level 4. HP: 13/19 MP: 5/8
  2833 | D:5      | Entered Level 5 of the Dungeon
  3132 | D:5      | Found a shadowy altar of Dithmenos.
  3140 | D:5      | Fell from the grace of Nemelex Xobeh
  3140 | D:5      | Became a worshipper of Dithmenos the Shadowed
  3220 | D:5      | Found a hazy altar of Hepliaklqana.
  3221 | D:5      | Found a shimmering altar of Xom.
  3222 | D:5      | Noticed a necrophage
  3222 | D:5      | Noticed a spectral ugly thing
  3262 | D:5      | Noticed a black bear
  3342 | D:4      | Noticed a kobold brigand
  3633 | D:4      | Noticed a black bear
  3711 | D:4      | Reached XP level 5. HP: 22/22 MP: 6/9
  3724 | D:4      | Noticed an ogre
  3771 | D:3      | Found a broken altar of Ashenzari.
  3777 | D:3      | Slain by an adder
  3778 | D:3      | Reached XP level 4. HP: 0/19 MP: 8/8
  3919 | D:3      | Noticed Terence
  3960 | D:3      | Slain by Terence

Illustrated notes

Levels and vault maps discovered:
D:1:      lightli_arrival_windingriver, layout_basic, basic_ecumenical_altar,
          minmay_pentomino_x4
D:2:      layout_rooms, basic_altar
D:3:      layout_basic, lemuel_doored_altar, nicolae_ashenzari_panopticon,
          kennysheep_generic_room_3, uniq_robin, uniq_terence
D:4:      layout_rooms
D:5:      layout_gridville, regret_index_temple_of_mockery,
          grunt_dithmenos_shadows, minmay_temple_entry_proselytizer

Skill      XL: |  1  2  3  4  5 |
---------------+----------------+-----
Stealth        | 1 2 |  2.6
Dodging        | 3 4 |  4.1
Transmutations | 3 4 |  4.0
Fighting       | 2 |  2.2
Unarmed Combat | |  3.9
Spellcasting   | |  2.0

Action                   |  1- 3 |  4- 6 || total
-------------------------+-------+-------++-------
Melee: Unarmed           |   132 |    67 ||   199
       Headbutt          |    21 |    12 ||    33
       Bite              |    11 |     5 ||    16
       Punch             |     5 |     1 ||     6
 Cast: Beastly Appendage |    31 |    13 ||    44
       Wereblood         |    10 |     4 ||    14
Invok: Draw Escape       |     5 |       ||     5
       Draw Destruction  |     1 |       ||     1
  Use: Scroll            |     7 |     2 ||     9
 Stab: Sleeping          |     1 |     1 ||     2
Armor: Skin              |     7 |     2 ||     9
Dodge: Dodged            |   110 |    63 ||   173
